Map: Prüfung von Aiur LE

Players

Panda - Winner!

  • Race: Zerg Zerg
  • League: Diamond
  • Spawn Location: 11:00

Zenpassant

  • Race: Zerg Zerg
  • League: Diamond
  • Spawn Location: 5:00

VOD

Have the link to the VOD?

Description

Time

  • Played on: Sept. 9, 2017, 3:32 p.m.
  • Length: 17:09
Show
View Real Time Build Order
Export as new Build Order

Panda Zerg - Winner!

Build Orders: Pool First, Zergling Baneling 

Get SALT Encoding   

  12  0:01  Drone  
  13  0:17  Extractor  
  12  0:24  Spawning Pool  
  12  0:28  Drone  
  12  0:33  Drone  
  13  0:38  Drone  
  14  0:46  Overlord  
  14  1:11  Zergling x4  
  16  1:12  Zergling x2  
  16  1:18  Queen  
  17  1:22  Zergling x2  
  20  1:30  Metabolic Boost  
  20  1:34  Zergling x2  
  21  1:44  Zergling x2  
  22  1:54  Overlord  
  22  2:01  Baneling Nest  
  22  2:05  Zergling x2  
  22  2:24  Zergling x2  
  22  2:29  Zergling x4  
  25  2:30  Zergling x2  
  25  2:42  Zergling x4  
  26  2:56  Zergling x2  
  25  3:01  Baneling x6  
  20  3:33  Zergling x10  
  23  3:47  Baneling x2  
  21  3:49  Zergling x2  
  21  4:20  Hatchery  
  21  4:22  Baneling x2  
  20  4:26  Drone  
  20  4:27  Drone x5  
  24  4:48  Zergling x2  
  25  5:00  Zergling x8  
  27  5:17  Drone  
  27  5:21  Roach Warren  
  27  5:39  Queen, Drone  
  30  5:43  Overlord  
  30  5:44  Overlord  
  30  5:48  Drone x5  
  35  6:08  Roach x3  
  41  6:17  Evolution Chamber  
  41  6:18  Evolution Chamber  
  39  6:19  Drone x4  
  43  6:36  Spine Crawler  
  43  6:37  Spine Crawler  
  41  6:42  Drone x3  
  44  6:54  Extractor  
  43  6:55  Roach  
  43  6:56  Roach x3  
  51  7:09  Overlord  
  51  7:16  Zerg Missile Weapons Level 1  
  51  7:23  Overlord x2  
  51  7:26  Queen  
  51  7:29  Roach  
  55  7:31  Roach  
  57  7:38  Roach  
  57  7:42  Roach x2  
  63  7:49  Roach  
  63  7:50  Roach  
  55  8:11  Roach x5  
  55  8:21  Roach  
  55  8:22  Roach x2  
  59  8:31  Roach x2  
  63  8:34  Drone x2  
  65  8:53  Roach x3  
  71  9:06  Drone x4  
  71  9:07  Drone  
  71  9:09  Overlord  
  76  9:24  Overlord  
  76  9:25  Overlord x2  
  76  9:28  Drone  
  70  9:48  Drone x4  
  70  9:50  Extractor  
  70  9:51  Lair  
  73  9:55  Zerg Ground Armor Level 1  
  73  10:09  Roach x4  
  81  10:17  Overlord  
  81  10:24  Zergling x6  
  63  10:54  Zergling x2  
  63  10:55  Roach  
  63  10:56  Roach x6  
  77  11:03  Roach x4  
  85  11:08  Glial Reconstitution  
  85  11:10  Zerg Missile Weapons Level 2  
  85  11:16  Roach x2  
  89  11:26  Roach  
  89  11:27  Roach  
  89  11:29  Ravager  
  94  11:37  Baneling  
  94  11:38  Baneling x3  
  94  11:41  Roach, Overlord x2  
  94  11:43  Zergling x6  
  99  11:52  Roach  
  99  11:53  Roach x2  
  105  12:03  Roach  
  105  12:04  Roach  
  105  12:06  Roach  
  105  12:07  Roach  
  113  12:21  Roach x4  
  93  12:38  Roach x6  
  84  12:56  Roach  
  84  12:57  Roach x3  
  75  13:05  Zergling x2  
  75  13:10  Roach  
  75  13:11  Roach  
  74  13:20  Roach  
  76  13:27  Roach  
  76  13:30  Zerg Ground Armor Level 2  
  76  13:32  Roach  
  76  13:33  Roach  
  63  14:11  Roach x7  
  63  14:12  Roach x3  
  83  14:21  Drone  
  83  14:22  Extractor  
  83  14:35  Ravager x3, Hatchery  
  83  15:01  Roach  
  83  15:02  Roach x4  
  86  15:33  Roach x5  
  92  15:40  Roach  
  96  15:50  Roach x2  
  77  16:26  Roach x7  
  86  16:34  Roach  
Show
View Real Time Build Order
Export as new Build Order

Zenpassant Zerg 

Build Orders: Hatch First 

Get SALT Encoding   

  12  0:01  Drone  
  13  0:13  Overlord  
  13  0:18  Drone  
  14  0:31  Drone x2  
  16  0:38  Drone  
  17  0:51  Hatchery  
  16  0:57  Drone  
  16  0:58  Drone  
  18  1:12  Extractor  
  18  1:14  Spawning Pool  
  18  1:16  Drone  
  17  1:19  Drone  
  18  1:29  Drone  
  19  1:39  Drone  
  20  1:50  Drone  
  22  2:03  Spine Crawler  
  22  2:04  Spine Crawler, Zergling x2  
  21  2:10  Queen, Extractor  
  20  2:30  Zergling x2  
  20  2:31  Zergling x2  
  21  2:57  Queen  
  22  3:03  Roach Warren  
  22  3:04  Overlord  
  20  3:08  Drone  
  20  3:10  Overlord  
  21  3:13  Evolution Chamber  
  15  3:43  Roach  
  15  3:48  Roach  
  19  4:09  Drone x2  
  20  4:26  Roach  
  22  4:36  Drone  
  21  4:49  Roach  
  21  4:50  Roach x3  
  29  4:53  Zerg Missile Weapons Level 1  
  27  5:15  Roach  
  27  5:18  Drone  
  30  5:22  Spine Crawler  
  30  5:23  Spine Crawler  
  28  5:31  Queen  
  28  5:33  Drone x3  
  28  5:34  Drone  
  36  5:47  Drone  
  37  5:59  Overlord  
  37  6:06  Overlord  
  37  6:23  Spine Crawler  
  37  6:25  Spine Crawler  
  35  6:27  Roach x2  
  39  6:42  Roach  
  39  6:43  Roach x3  
  47  7:03  Roach x2  
  51  7:12  Queen  
  53  7:15  Overlord  
  53  7:16  Overlord  
  53  7:33  Drone x2  
  53  7:34  Drone  
  52  8:04  Drone x2  
  44  8:19  Drone x2  
  44  8:31  Roach  
  46  8:42  Hatchery  
  46  8:43  Lair  
  45  8:59  Roach  
  45  9:00  Roach x4  
  55  9:10  Overlord  
  55  9:47  Roach  
  55  9:48  Roach x4  
  65  9:53  Glial Reconstitution  
  65  9:54  Zerg Missile Weapons Level 2  
  65  10:01  Drone x5  
  70  10:13  Drone  
  70  10:14  Drone  
  72  10:16  Overlord  
  50  10:51  Roach  
  50  10:52  Roach x8  
  56  11:02  Roach x3  
  58  11:19  Roach x2  
  58  11:20  Roach x2  
  66  11:28  Roach x3  
  66  11:30  Roach  
  74  11:33  Roach  
  74  11:36  Roach  
  80  11:40  Roach  
  80  11:49  Roach x2  
  80  11:52  Roach  
  86  11:54  Roach  
  86  11:57  Roach  
  86  12:00  Roach  
  92  12:04  Overlord  
  92  12:09  Overlord  
  88  12:33  Roach x7  
  88  12:42  Roach  
  88  12:43  Roach x2  
  78  12:55  Roach  
  78  12:56  Roach x3  
  74  13:12  Roach x3  
  76  13:19  Zerg Ground Armor Level 1  
  72  13:26  Roach x3  
  78  13:34  Roach  
  78  13:35  Roach x2  
  78  13:36  Roach  
  74  13:57  Roach x4  
  74  13:58  Roach  
  58  14:25  Roach  
  58  14:26  Roach x4  
  58  14:27  Hatchery  
  65  15:40  Hatchery  
  64  15:44  Roach  
  64  15:45  Roach x2  
  38  16:22  Roach x3  
  35  16:35  Roach  
Tags
 
Add a new tag
Caveats
  • Supply blocks, unpowered buildings, or Contaminate may cause inaccurate times.
  • Supply counts are checked every 10 seconds.